 Dungeon Crawl Stone Soup version 0.25-a0-578-gc91f01c39c (webtiles) character file.

Game seed: 15145473063722037899, levelgen mode: classic

3707 EnegeticOcto the Cleaver (level 9, 34/86 HPs)
             Began as a Deep Dwarf Fighter on Mar 6, 2020.
             Was a Believer of Makhleb.
             Quit the game in a bailey.
             The game lasted 00:04:46 (4051 turns).

EnegeticOcto the Cleaver (Deep Dwarf Fighter)       Turns: 4051, Time: 00:04:47

Health: 34/86      AC: 15    Str: 25    XL:     9   Next: 91%
Magic:  0/0        EV:  5    Int:  9    God:    Makhleb [**....]
Gold:   2136       SH: 11    Dex: 12    Spells: 8/8 levels left

rFire    . . .     SeeInvis .   a - +1 war axe
rCold    . . .     Gourm    .   c - +0 kite shield
rNeg     . . .     Faith    .   q - +0 plate armour
rPois    .         Spirit   .   D - +0 helmet
rElec    .         Reflect  .   (no cloak)
rCorr    .         Harm     .   (no gloves)
MR       +....                  l - +0 pair of boots
Stlth    ..........             (no amulet)
HPRegen  0.00/turn              (no ring)
MPRegen  0.07/turn              r - +2 ring of strength

@: non-regenerating
A: damage resistance, heal wounds, sense surroundings 2, no regeneration
a: Heal Wounds, Minor Destruction, Renounce Religion


You were in a bailey.
You worshipped Makhleb.
Makhleb was pleased with you.
You were hungry.

You visited 2 branches of the dungeon, and saw 8 of its levels.
You also visited: Ossuary and Bailey.

You collected 2263 gold pieces.
You spent 127 gold pieces at shops.

Inventory:

Hand Weapons
 a - a +1 war axe (weapon)
Missiles
 y - a throwing net (quivered)
Armour
 c - a +0 kite shield (worn)
 l - a +0 pair of boots (worn)
 q - a +0 plate armour (worn)
 D - a +0 helmet (worn)
Jewellery
 r - a +2 ring of strength (right hand)
Wands
 v - a wand of scattershot (1)
Scrolls
 d - 2 scrolls of teleportation {@r2}
 g - 3 scrolls of immolation {@r4}
 o - 2 scrolls of remove curse {@r6}
 s - 2 scrolls of enchant armour
 t - 2 scrolls of identify {@r1}
 z - a scroll of fear
 A - a scroll of magic mapping {unknown}
 B - 3 scrolls of enchant weapon
Potions
 b - 2 potions of flight {unknown}
 f - 3 potions of mutation {unknown}
 h - 2 potions of heal wounds {@q2}
 i - a potion of magic {unknown}
 j - 2 potions of stabbing {@q5}
 k - 2 potions of might {@q3}
 m - a potion of ambrosia
 n - 2 potions of haste {@q4}
 p - 2 potions of degeneration
 u - 2 potions of curing {@q1}
 x - 2 potions of lignification {@q7}
Comestibles
 e - 5 rations
 E - a chunk of flesh


   Skills:
 * Level 7.5 Fighting
 * Level 8.6 Axes
 + Level 6.6 Armour
 + Level 6.6 Shields
 * Level 7.3 Invocations


You had 8 spell levels left.
You didn't know any spells.
Your spell library was empty.

Dungeon Overview and Level Annotations

Branches:
Dungeon (7/15)             Temple (1/1) D:5         Ossuary (visited)
 Bailey (1/1)

Altars:
Dithmenos
Elyvilon
Fedhas
Gozag
Makhleb
Nemelex Xobeh
Qazlal
Ru
Trog
Wu Jian

Shops:
D:5 [*(*


Innate Abilities, Weirdness & Mutations

You are resistant to damage.
You can heal yourself by infusing magical energy.
You passively map the area around you.
You do not regenerate.


Message History

The orc warrior is lightly wounded.
The centaur hits you but does no damage.
The orc warrior hits you with a +0 glaive.
You block the centaur's attack.
You closely miss the orc warrior.
The orc warrior is lightly wounded.
You block the orc warrior's attack.
The centaur hits you from afar with a +0 halberd.
Your shield and plate armour prevent you from hitting the orc warrior.
The orc warrior is lightly wounded.
You block the centaur's attack.
The orc warrior hits you with a +0 glaive.
The centaur hits you from afar with a +0 halberd!
You are too injured to fight recklessly!
You are too injured to fight recklessly!
You are too injured to fight recklessly!
You are too injured to fight recklessly!
You are too injured to fight recklessly!
You are too injured to fight recklessly!
You are too injured to fight recklessly!
You are too injured to fight recklessly!
You are too injured to fight recklessly!
You feel much better.
The orc warrior shouts!
The centaur hits you from afar with a +0 halberd!
You block the orc warrior's attack.
You feel much better. You block the centaur's attack.
You block the orc warrior's attack.
Your shield and plate armour prevent you from hitting the orc warrior.
The orc warrior is lightly wounded.
The centaur hits you from afar with a +0 halberd!
You closely miss the orc warrior.
The orc warrior is lightly wounded.
The centaur hits you but does no damage.
The orc warrior hits you with a +0 glaive!
You block the centaur's attack.
You hit the orc warrior.
The orc warrior is moderately wounded.
You block the centaur's attack.
The orc warrior hits you with a +0 glaive!!
You hit the orc warrior but do no damage.
The orc warrior is moderately wounded.
The centaur hits you from afar with a +0 halberd!
The orc warrior hits you with a +0 glaive!
* * * LOW HITPOINT WARNING * * *
The centaur hits you but does no damage.
You are too injured to fight recklessly!
You are too injured to fight recklessly!
You are too injured to fight recklessly!
You are too injured to fight recklessly!
You are too injured to fight recklessly!
You are too injured to fight recklessly!
You are too injured to fight recklessly!
You are too injured to fight recklessly!
You are too injured to fight recklessly!
You are too injured to fight recklessly!
You block the centaur's attack.
The orc warrior hits you from afar with a +0 glaive!
* * * LOW HITPOINT WARNING * * *
Your plate armour prevents you from hitting the centaur.
The centaur hits you with a +0 halberd. The orc warrior barely misses you. x2
Your magical essence is drained by the effort!
You feel much better. You block the centaur's attack.
The orc warrior barely misses you. The centaur hits you with a +0 halberd.
Your magical essence is drained by the effort!
You feel much better.
The orc warrior hits you from afar with a +0 glaive!
You block the orc warrior's attack.
The centaur hits you but does no damage.
You don't have enough innate magic capacity.
You don't have enough innate magic capacity.
You hit the centaur.
The centaur is lightly wounded.
You block the centaur's attack.
The orc warrior hits you from afar with a +0 spear.
The orc warrior hits you from afar with a +0 glaive.
You hit the centaur.
The centaur is lightly wounded.
You block the centaur's attack. You block the orc warrior's attack.
The orc warrior hits you but does no damage.
The centaur hits you with a +0 halberd.
The orc warrior hits you from afar with a +0 spear!
You are too injured to fight recklessly!
You are too injured to fight recklessly!
You are too injured to fight recklessly!
You are too injured to fight recklessly!
You are too injured to fight recklessly!
You are too injured to fight recklessly!
You are too injured to fight recklessly!
You are too injured to fight recklessly!
You are too injured to fight recklessly!
You are too injured to fight recklessly!
You are too injured to fight recklessly!
You are too injured to fight recklessly!
You are too injured to fight recklessly!
Are you sure you want to abandon this character and quit the game? (Confirm with "yes".)
Okay, then.
Search for what [? for help]? .
Unknown command.
Are you sure you want to abandon this character and quit the game? (Confirm with "yes".)

####################
≈≈≈≈≈≈≈≈≈≈≈≈≈≈≈≈≈≈≈##
*≈≈≈≈≈≈≈≈≈≈≈≈≈≈≈≈≈≈≈≈≈##
≈≈≈≈≈≈o......≈≈≈≈≈≈≈≈#
≈≈≈≈..≈≈≈c≈≈≈..≈≈≈≈≈≈≈ ≈
≈≈..≈≈≈.@...≈≈≈..≈≈≈≈≈
*≈
≈≈.≈≈≈.........≈≈≈.≈≈≈≈*
*
≈.≈....o≈≈≈..)..≈.≈≈≈≈*
≈ .≈≈.⌠..≈≈)≈≈..⌠.≈≈.≈≈≈
* .≈.....≈≈≈≈≈)))..≈.≈≈≈
≈ ≈≈....≈≈≈≈≈≈≈).((≈≈.≈≈
≈.....≈≈≈≈≈≈≈.....≈.≈≈
≈,≈.....≈≈≈.≈≈≈.)...≈.≈≈
≈.....≈≈≈|≈)≈.....≈.≈≈*


You could see 2 orc warriors and a centaur.

Vanquished Creatures
  Prince Ribbit (D:5)
  A wyvern (Bailey)
  A hungry ghost (D:7)
  A water moccasin (D:4)
  Duvessa (D:6)
  An ice beast (D:6)
  2 sky beasts (D:5)
  11 orc warriors
  A black bear (D:5)
  2 ogres (D:5)
  A necrophage (D:7)
  5 centaurs
  Blork the orc (D:5)
  Dowan (D:6)
  2 howler monkeys (D:5)
  A crimson imp (D:6)
  2 bullfrog zombies
  An orc priest (D:6)
  3 hounds
  A jelly (D:7)
  2 iguanas
  A bullfrog skeleton (D:6)
  3 worker ants
  An orc wizard (D:6)
  A big kobold zombie (Ossuary)
  9 mummies
  A hound skeleton (D:4)
  2 hound zombies (D:5)
  A worker ant zombie (D:7)
  4 adders
  A shadow imp (D:6)
  An adder zombie (D:5)
  2 adder skeletons
  4 worms
  3 leopard geckos
  32 orcs
  A bat (D:2)
  2 giant cockroaches
  2 goblins
  3 hobgoblins
  6 jackals
  A kobold (D:2)
  A ball python skeleton (D:4)
  6 frilled lizards
  A gnoll zombie (Ossuary)
  3 hobgoblin zombies (Ossuary)
  3 orc zombies (Ossuary)
  A quokka skeleton (D:7)
  2 rats (D:3)
140 creatures vanquished.

Vanquished Creatures (others)
  An orc wizard (D:6)
1 creature vanquished.

Grand Total: 141 creatures vanquished

Notes
Turn   | Place    | Note
-------+----------+-------------------------------------------
     0 | D:1      | EnegeticOcto the Deep Dwarf Fighter began the quest for the
                  | Orb.
     0 | D:1      | Reached XP level 1. HP: 20/20 MP: 1/1
   198 | D:2      | Reached XP level 2. HP: 21/27 MP: 1/1
   215 | D:2      | Found a faded altar of an unknown god.
   334 | D:2      | Reached XP level 3. HP: 22/34 MP: 2/2
   793 | D:3      | Reached skill level 3 in Axes
   853 | D:4      | Found a sacrificial altar of Ru.
   924 | D:4      | Noticed a water moccasin
   958 | D:4      | Killed a water moccasin
   958 | D:4      | Reached XP level 4. HP: 32/44 MP: 2/2
   958 | D:4      | Reached XP level 5. HP: 37/50 MP: 3/3
  1038 | D:4      | Reached skill level 4 in Axes
  1577 | D:5      | Entered Level 5 of the Dungeon
  1577 | D:5      | Found Emunnes's General Store.
  1577 | D:5      | Noticed Prince Ribbit
  1577 | D:5      | Noticed an ogre
  1577 | D:5      | Noticed a centaur
  1580 | D:5      | Killed an ogre
  1580 | D:5      | Reached XP level 6. HP: 44/58 MP: 3/3
  1624 | D:5      | Found Varph's Magic Scroll Shop.
  1627 | D:5      | Bought a scroll of immolation for 45 gold pieces
  1650 | D:5      | Found Acevempar's General Store.
  1650 | D:5      | Noticed a sky beast
  1655 | D:5      | Killed a sky beast
  1655 | D:5      | Reached skill level 5 in Axes
  1655 | D:5      | Reached XP level 7. HP: 62/66 MP: 4/4
  1666 | D:5      | Reached skill level 5 in Fighting
  1671 | D:5      | Bought a scroll of enchant armour for 82 gold pieces
  1688 | D:5      | Found a staircase to the Ecumenical Temple.
  1742 | Temple   | Entered the Ecumenical Temple
  1806 | Temple   | Became a worshipper of Makhleb the Destroyer
  1867 | D:5      | Found Cytuiz's Antique Weapon Shoppe.
  1890 | D:5      | Reached skill level 5 in Armour
  1924 | D:5      | Found Ziygad's Armour Shop.
  1951 | D:5      | Noticed Blork the orc
  1960 | D:5      | Killed Blork the orc
  1960 | D:5      | Reached skill level 5 in Shields
  1960 | D:5      | Reached skill level 1 in Invocations
  1999 | D:5      | Reached skill level 6 in Axes
  2084 | D:5      | Reached XP level 8. HP: 67/75 MP: 5/5
  2196 | D:5      | Killed Prince Ribbit
  2247 | D:5      | Found a bloodstained altar of Trog.
  2620 | D:6      | Noticed Duvessa
  2620 | D:6      | Noticed Dowan
  2624 | D:6      | Killed Dowan
  2624 | D:6      | Reached skill level 7 in Axes
  2631 | D:6      | Killed Duvessa
  2688 | D:6      | Found a sand-covered staircase.
  2702 | Ossuary  | Entered an ossuary
  2720 | Ossuary  | Reached * piety under Makhleb
  2723 | Ossuary  | Reached skill level 5 in Invocations
  2739 | Ossuary  | Gained mutation: You passively map the area around you.
                  | [Deep Dwarf growth]
  2739 | Ossuary  | Reached XP level 9. HP: 48/85 MP: 7/7
  3505 | D:7      | Found a flagged portal.
  3517 | Bailey   | Entered a bailey
  3588 | Bailey   | Reached ** piety under Makhleb
  3713 | Bailey   | Reached skill level 8 in Axes
  4007 | Bailey   | Identified a scroll of acquirement
  4051 | Bailey   | Quit the game

Levels and vault maps discovered:
D:1:      wheals_arrival_linesprint, layout_loops_ring
D:2:      layout_basic, led_sif_pool, chequers_ecumenical_altar_island,
          minmay_pentomino_w2
D:3:      layout_basic, first_ration
D:4:      layout_loops_ring, kennysheep_mini_moat,
          chequers_serial_rivers_small_3, kennysheep_potato
D:5:      minmay_chambers_of_fours, layout_rooms, temple_green, serial_shops,
          shop, nicolae_shop_temple_entry_statues_fountains, shop_coins,
          nicolae_shop_overgrown_old_shop, nicolae_shop_crystal, serial_glass,
          glass_columns_b, glass_columns_b, glass_columns_b, glass_columns_c,
          glass_columns_a, basic_altar, uniq_prince_ribbit1, uniq_blork_the_orc
D:6:      layout_loops_cross, gup_ossuary_entry_pyramid, uniq_duvessa
D:7:      layout_loops_ring, enter_bailey_6, uniq_crazy_yiuf_cottage,
          uniq_maggie
Temple:   dshaligram_water_room_temple
Bailey:   bailey_polearm_flooded_kennysheep, bailey

Skill      XL: |  1  2  3  4  5  6  7  8  9 |
---------------+----------------------------+-----
Fighting       | 3 4 5 6 7 |  7.5
Axes           | 3 4 5 6 7 8 |  8.6
Armour         | 4 5 6 |  6.6
Shields        | 4 5 6 |  6.6
Invocations    | 2 5 7 |  7.3

Action                   |  1- 3 |  4- 6 |  7- 9 || total
-------------------------+-------+-------+-------++-------
Melee: War axe           |   117 |   109 |   452 ||   678
       Unarmed           |       |       |     7 ||     7
 Abil: Heal Wounds       |     4 |     4 |    44 ||    52
Evoke: Wand              |       |       |     5 ||     5
  Use: Scroll            |       |       |    16 ||    16
       Potion            |       |       |     1 ||     1
 Stab: Invisible         |       |       |     3 ||     3
  Eat: Chunk             |       |     2 |     4 ||     6
       Ration            |       |       |     5 ||     5
Armor: Scale mail        |    37 |       |       ||    37
       Plate armour      |    52 |    60 |   285 ||   397
       Skin              |       |       |     2 ||     2
Dodge: Dodged            |    33 |    16 |   129 ||   178
Block: Kite shield       |    69 |    62 |   395 ||   526

Table legend:
 A = Non-vault XP
 B = Vault XP
 C = Vault XP percentage of total XP
 D = Non-vault monster count
 E = Vault monster count
 F = Vault count percentage of total count
                 A         B        C        D         E       F
            +---------+---------+-------+---------+---------+-------
      Total |    2444 |    2852 |  53.9 |      75 |      66 |  46.8
            +---------+---------+-------+---------+---------+-------
        D:1 |       5 |       0 |   0.0 |       3 |       0 |   0.0
        D:2 |      21 |      15 |  41.7 |       9 |       2 |  18.2
        D:3 |      26 |       0 |   0.0 |       8 |       0 |   0.0
        D:4 |     264 |      36 |  12.0 |      15 |       3 |  16.7
        D:5 |     978 |     597 |  37.9 |      16 |       8 |  33.3
        D:6 |     710 |     239 |  25.2 |      16 |       3 |  15.8
        D:7 |     440 |       0 |   0.0 |       8 |       0 |   0.0
    Ossuary |       0 |     176 | 100.0 |       0 |      16 | 100.0
     Bailey |       0 |    1789 | 100.0 |       0 |      34 | 100.0
            +---------+---------+-------+---------+---------+-------
